 BcadrenCrawl: Boulder Brew version 0.04.2-19-ga012a504bd (webtiles) character file.

Game seed: 5839024113528767698, levelgen mode: deterministic

1038 Ezendos the Vexing (level 8, -1/46 HPs) Deep Elf Arcane Marksman. Began on May 19, 2021. Slain by an ogre ... wielding a +0 giant club (16 damage) ... on level 3 of the Dungeon. The game lasted 00:20:16 (3756 turns).

Ezendos the Vexing (Deep Elf Arcane Marksman)       Turns: 3756, Time: 00:20:16

Health: -1/46      AC:  7    Str:  9    XL:     8 ^: 1315
Magic:  14/14      EV: 12    Int: 19    God:
Gold:   112        SH:  0    Dex: 15    Spells: 7/13 levels left

rFire    . . .     Vision   .   w - +2 short sword (elec)
rCold    . . .     Gourm    .   (no weapon)
rNeg     . . .     Faith    .   q - +2 ring mail {MR+}
rPois    .         Spirit   .   (no helmet)
rElec    .         Reflect  .   (no cloak)
rCorr    +         Harm     .   (no gloves)
MR       +....                  (no boots)
Stlth    ++........             n - amulet of magic regeneration
HPRegen  0.25/turn              c - ring of resist corrosion
MPRegen  0.49/turn              (no ring)

@: no status effects
A: no striking features
a: no special abilities


You were on level 3 of the Dungeon.
You were not hungry.

You visited 1 branch of the dungeon, and saw 3 of its levels.

You collected 112 gold pieces.

Inventory:

Weapons
 a - a +0 shortbow
 w - a +2 short sword of electrocution (weapon)
Armour
 p - a +0 scale mail
 q - a +2 ring mail of magic resistance (worn)
Jewellery
 b - an uncursed ring of evasion
 c - a ring of resist corrosion (left hand)
 n - an amulet of magic regeneration (around neck)
Scrolls
 f - a scroll of fog
 h - 2 scrolls of enchantment
 k - a scroll of amnesia
 l - a scroll of teleportation
 r - a scroll of acquirement
Potions
 e - a potion of curing
 g - a potion of magic
 i - 2 potions of haste
 j - a potion of lignification
 m - a potion of resistance
 o - a potion of agility
Comestibles
 d - 6 rations
 s - 5 chunks of flesh


   Skills:
 - Level 3.2 Fighting
 + Level 3.5 Short Blades
 + Level 4.5 Bows
 - Level 1.1 Armour
 - Level 3.1 Dodging
 - Level 2.8 Stealth
 - Level 3.0 Spellcasting
 + Level 6.7 Hexes
 - Level 3.0 Fire Magic


You had 7 spell levels left.
You knew the following spells:

 Your Spells              Type           Power        Failure   Level  Hunger
a - Magic Candle          Hex/Fire       21 (90)      3%          1    None
b - Slow                  Hex            28 (100)     2%          2    ##.....
c - Inner Flame           Hex/Fire       21 (100)     11%         3    ###....

Your spell library contained the following spells:

 Spells                   Type           Power        Failure   Level  Hunger
 Cause Fear               Hex            28 (200)     16%         4    ####...
 Portal Projectile        Chrm/Tloc      2 (50)       58%         3    ###....
 Leda's Liquefaction      Tmut/Erth      2 (200)      94%         4    ####...


Dungeon Overview and Level Annotations

Branches:
Dungeon (3/8)

Altars:
Elyvilon
Makhleb


Message History

You hear the crackle of electricity.
w - a +2 short sword of electrocution (weapon)
The adder barely misses you (0).
You miss the adder. You hit the adder but do no damage.
The adder is severely wounded. (4/11) HP The adder bites you but does no damage.
You hit the adder but do no damage.
Lightning courses through the adder (5).
You kill the adder!
Some of the chunks of flesh in your inventory have rotted away.
You see here an adder corpse.
An ogre comes into view.
The ogre shouts!
You hear a bark!
A hound comes into view.
You swing at nothing.
The ogre hits you with a +0 giant club (31)!!
Ouch! That really hurt!
You swing at nothing.
The ogre hits you with a +0 giant club (16)!
You die...

...# ..###
....# .....
#.#.# #.#.# #
#.#.###...
####†#O.$...#
#.<..@.h.....
#.##.#####..#
#. #.# ## ###
#.o...8
#..##o.# .#.o
..## .#.o
o.##


You could see an ogre, a hound, an orc priest (sleeping) and 2 orcs.

Vanquished Creatures
  A water moccasin (D:2)
  2 big kobolds (D:2)
  A crocodile (D:2)
  A hound (D:3)
  4 jellies (D:2)
  An orc wizard (D:2)
  A worker ant (D:2)
  6 giant cockroaches
  2 adders
  28 sewer rats
  7 cinder newts
  4 worms
  3 oozes (D:2)
  A dart slug (D:1)
  9 leopard geckos
  3 orcs (D:2)
  2 adder skeletons (D:2)
  6 bats
  7 goblins (D:1)
  4 hobgoblins (D:1)
  13 kobolds
  4 ball pythons
  A bat skeleton (D:2)
  A goblin skeleton (D:2)
  A hobgoblin skeleton (D:2)
  A kobold skeleton (D:2)
  4 rats (D:1)
  A slimehead (D:2)
119 creatures vanquished.

Vanquished Creatures (others)
  2 kobolds (D:2)
  A quokka skeleton (D:2)
  A slimehead (D:2)
  25 withered plants (D:2)
29 creatures vanquished.

Grand Total: 148 creatures vanquished

Notes
Turn   | Place    | Note
-------+----------+-------------------------------------------
     0 | D:1      | Ezendos the Deep Elf Arcane Marksman began the quest for
                  | the Orb.
     0 | D:1      | Reached XP level 1. HP: 11/11 MP: 5/5
    15 | D:1      | Reached skill level 1 in Fighting
    20 | D:1      | Reached skill level 1 in Stealth
    20 | D:1      | Reached XP level 2. HP: 16/16 MP: 6/6
    58 | D:1      | Reached XP level 3. HP: 21/21 MP: 7/7
   382 | D:1      | Reached XP level 4. HP: 26/26 MP: 8/8
   888 | D:2      | Reached XP level 5. HP: 27/32 MP: 9/9
   895 | D:2      | Learned a level 2 spell: Slow
   899 | D:2      | Learned a level 3 spell: Inner Flame
  1038 | D:2      | Reached skill level 1 in Fire Magic
  1495 | D:2      | Reached XP level 6. HP: 34/36 MP: 10/12
  1837 | D:1      | Reached skill level 5 in Hexes
  2299 | D:2      | Reached skill level 1 in Armour
  2299 | D:2      | Reached XP level 7. HP: 41/41 MP: 10/13
  2523 | D:2      | Reached skill level 1 in Short Blades
  2700 | D:2      | Identified a scroll of acquirement
  3097 | D:2      | Reached skill level 6 in Hexes
  3201 | D:2      | Found a white marble altar of Elyvilon.
  3201 | D:2      | Found a burning altar of Makhleb.
  3585 | D:3      | Noticed a troll
  3658 | D:2      | Reached XP level 8. HP: 37/46 MP: 14/14
  3756 | D:3      | Slain by an ogre

Levels and vault maps discovered:
D:1:      dpeg_arrival_fog, layout_loops_ring
D:2:      layout_sewer, chequers_temple_overflow_statue_of_worship, first_ration
D:3:      layout_loops_ring, biasface_ghost_orc_armoury,
          bcadren_nooodl_food_pyramid, okawaru_trees_1, uniq_pikel

Skill      XL: |  1  2  3  4  5  6  7 |
---------------+----------------------+-----
Fighting       | 1 2 3 |  3.2
Stealth        | 1 2 |  2.8
Bows           | 3 4 |  4.5
Spellcasting   | 2 3 |  3.0
Fire Magic     | 1 3 |  3.0
Hexes          | 5 6 |  6.7
Armour         | 1 |  1.1
Dodging        | 3 |  3.1
Short Blades   | 3 |  3.5

Action                   |  1- 3 |  4- 6 |  7- 9 || total
-------------------------+-------+-------+-------++-------
Melee: Unarmed           |    20 |   147 |    42 ||   209
       Dagger            |       |   162 |       ||   162
       Short sword       |       |       |    58 ||    58
 Fire: Shortbow          |    48 |   144 |    72 ||   264
 Cast: Magic Candle      |     2 |     2 |       ||     4
       Slow              |       |    30 |    15 ||    45
       Inner Flame       |       |       |     3 ||     3
 Stab: Sleeping          |       |     2 |       ||     2
  Eat: Chunk             |       |     6 |     4 ||    10
       Ration            |       |       |     1 ||     1
Armor: Robe              |     1 |    11 |       ||    12
       Scale mail        |       |    19 |       ||    19
       Ring mail         |       |    17 |    13 ||    30
Dodge: Dodged            |     6 |   115 |    47 ||   168
